 Dungeon Crawl Stone Soup version 0.29.1-2-gbd0b4ee654 (webtiles) character file.

Game seed: 1383112322976300199

3513 RascalDebosk the Thaumaturge (level 10, -6/75 HPs)
             Began as a Djinni Earth Elementalist on Oct 24, 2022.
             Was an Initiate of Ashenzari.
             Mangled by a yak (9 damage)
             ... on level 8 of the Dungeon.
             The game lasted 01:14:05 (9860 turns).

RascalDebosk the Thaumaturge (DjEE)                 Turns: 9860, Time: 01:14:05

Health: -6/75      AC:  4    Str:  7    XL:     10   Next: 28%
Gold:   413        EV: 12    Int: 21    God:    Ashenzari [......] SH:  5 Dex: 14

rFire   + + .      SeeInvis .   x - +1 dagger (venom)
rCold   x . .      Faith    .   (no shield)
rNeg    + . .      Spirit   .   d - +1 robe {rN+}
rPois   ∞          Reflect  +   (no helmet)
rElec   .          Harm     .   j - +0 cloak
rCorr   +          Rampage  .   (no gloves)
Will    +....                   (boots unavailable)
Stlth   ++........              o - amulet of reflection
HPRegen 0.22/turn               b - ring of resist corrosion
MPRegen 0.00/turn               (no ring)

@: flying
A: sickness immunity, fire resistance 2, cold vulnerability 1, float, innate
caster, HP casting, extra vitality 1
a: Renounce Religion, Curse Item


You were on level 8 of the Dungeon.
You worshipped Ashenzari.
Ashenzari was noncommittal.
You visited 2 branches of the dungeon, and saw 9 of its levels.

You collected 413 gold pieces.

Inventory:

Hand Weapons
 x - a +1 dagger of venom (weapon)
Missiles
 g - 2 throwing nets {@!f}
Armour
 a - a +0 robe
 d - a +1 robe of positive energy (worn)
 j - a +0 cloak (worn)
 q - a +2 kite shield
Jewellery
 b - a ring of resist corrosion (left hand)
 o - an amulet of reflection (around neck)
Wands
 k - a wand of roots (10)
Scrolls
 c - a scroll of fog {unknown}
 e - a scroll of immolation {unknown}
 f - a scroll of enchant armour {unknown}
 m - a scroll of enchant weapon {unknown}
 r - a scroll of vulnerability {unknown}
 t - 2 scrolls of teleportation
 w - a scroll of fear
Potions
 h - a potion of berserk rage
 l - a potion of curing
 n - a potion of resistance
 p - 3 potions of haste
 u - 2 potions of brilliance
 v - a potion of attraction {unknown}


   Skills:
 + Level 7.0 Fighting
 - Level 2.1 Dodging
 - Level 1.5 Stealth
 + Level 4.1 Shields
 - Level 5.0 Unarmed Combat
 * Level 8.2 Spellcasting


You had 5 spell levels left.
You knew the following spells:

 Your Spells              Type           Power      Damage    Failure   Level
a - Sandblast             Erth           86%        2d18      1%          1
b - Passwall              Tmut/Erth      35%        N/A       1%          2
c - Stone Arrow           Conj/Erth      86%        3d12      1%          3
d - Petrify               Tmut/Erth      43%        N/A       2%          4
e - Foxfire               Conj/Fire      100%       2x1d9     1%          1
f - Scorch                Fire           86%        2d9       1%          2
g - Confusing Touch       Hex            43%        N/A       1%          3
h - Airstrike             Air            21%        2d(4-20)  2%          4
Your spell library was empty.

Dungeon Overview and Level Annotations

Branches:
Dungeon (8/15)             Temple (1/1) D:5
   Lair: D:8-11

Altars:
Ashenzari
Cheibriados
Dithmenos
Elyvilon
Fedhas
Gozag
Hepliaklqana
Makhleb
Nemelex Xobeh
Okawaru
Qazlal
Ru
Trog
Uskayaw
Wu Jian
Xom
Yredelemnul
Zin
The Shining One

Shops:
D:4 (

Annotations:
D:5 2 transporters, Arctor's ghost, novice GrFi


Innate Abilities, Weirdness & Mutations

You are immune to sickness and miasma.
You are immune to poison.
Your flesh is very heat resistant. (rF++)
You are vulnerable to cold. (rC-)
You float through the air rather than walking.
You learn spells naturally, not from books.
Your magical power is your life essence.
You have superior vitality. (+4 MHP)


Message History

The yak is moderately wounded.
The foxfire hits the centaur but does no damage.
The centaur shoots an arrow.
The arrow hits you!
The centaur wields a +0 shortbow.
The centaur shoots an arrow.
The arrow hits you!
* * * LOW HITPOINT WARNING * * *
The centaur shoots an arrow.
The arrow barely misses you.
You hear a bellow! x3
The centaur shoots an arrow.
You reflect the arrow off an invisible shield around you!
The arrow hits the centaur!
The centaur wields a +4 shortbow.
The centaur shoots an arrow.
You reflect the arrow off an invisible shield around you!
The arrow hits the centaur!
The centaur shoots an arrow.
The arrow barely misses you.
The centaur shoots an arrow.
You reflect the arrow off an invisible shield around you!
The arrow hits the centaur!
You hear a bellow!
The centaur shoots an arrow.
The arrow barely misses you.
Casting: Foxfire (safe; 1% risk of failure)
Confirm with . or Enter, or press ? or * to list all spells.
Aiming: Petrify (dangerous; 2% risk of failure)
Press: ? - help, Shift-Dir - straight line, f - yak
Aim: a yak (moderately wounded, summoned, chance to affect: 67%)
The yak is moving more slowly.
* * * LOW HITPOINT WARNING * * *
The centaur shoots an arrow.
The arrow barely misses you.
The centaur shoots an arrow.
The arrow hits you.
* * * LOW HITPOINT WARNING * * *
Aiming: Stone Arrow (safe; 1% risk of failure)
Press: ? - help, Q - select action, (/) - cycle Shift-Dir - straight line, f - gnoll
Aim: a gnoll, wielding a +0 club (79% to hit)
The stone arrow misses the gnoll.
* * * LOW HITPOINT WARNING * * *
The centaur shoots an arrow.
The arrow hits you!
* * * LOW HITPOINT WARNING * * *
Aiming: Stone Arrow (safe; 1% risk of failure)
Press: ? - help, Q - select action, (/) - cycle Shift-Dir - straight line, f - centaur, p - gnoll
Aim: a centaur, wielding a +4 shortbow (moderately wounded, summoned, 85% to hit)
The stone arrow hits the centaur!!
You kill the centaur!
The centaur's corpse dissolves into shadows!
* * * LOW HITPOINT WARNING * * *
The centaur shoots an arrow.
The arrow hits you!
* * * LOW HITPOINT WARNING * * *
You hear a bellow!
Aiming: Stone Arrow (safe; 1% risk of failure)
Press: ? - help, Q - select action, (/) - cycle Shift-Dir - straight line, f - gnoll
Aim: a gnoll, wielding a +0 club (79% to hit)
Okay, then.
Casting: Stone Arrow (safe; 1% risk of failure)
Confirm with . or Enter, or press ? or * to list all spells.
Aiming: Sandblast (safe; 1% risk of failure)
Press: ? - help, Shift-Dir - straight line, f - gnoll
Aim: a gnoll, wielding a +0 club (87% to hit)
The blast of sand hits the gnoll!!
You kill the gnoll!
* * * LOW HITPOINT WARNING * * *
Casting: Sandblast (safe; 1% risk of failure)
Confirm with . or Enter, or press ? or * to list all spells.
Aiming: Sandblast (safe; 1% risk of failure)
Press: ? - help, Shift-Dir - straight line, f - centaur
Aim: a centaur, wielding a +0 shortbow (heavily wounded, summoned, 91% to hit)
The blast of sand hits the centaur!!
You kill the centaur!
The centaur's corpse dissolves into shadows!
* * * LOW HITPOINT WARNING * * *
Casting: Sandblast (safe; 1% risk of failure)
Confirm with . or Enter, or press ? or * to list all spells.
Aiming: Sandblast (safe; 1% risk of failure)
Press: ? - help, Shift-Dir - straight line, f - centaur
Aim: a centaur, wielding a +0 shortbow (heavily wounded, summoned, 91% to hit)
The blast of sand hits the centaur!
You kill the centaur!
The centaur's corpse dissolves into shadows!
* * * LOW HITPOINT WARNING * * *
Casting: Sandblast (safe; 1% risk of failure)
Confirm with . or Enter, or press ? or * to list all spells.
Aiming: Sandblast (safe; 1% risk of failure)
Press: ? - help, Shift-Dir - straight line, f - gnoll
Aim: a gnoll, wielding a +0 club (severely wounded, 87% to hit)
The blast of sand hits the gnoll!!
You kill the gnoll!
* * * LOW HITPOINT WARNING * * *
Your Fighting skill increases to level 7!
You start resting.
A yak comes into view.
You see here a +0 club.
You see here a +0 club.
Casting: Sandblast (safe; 1% risk of failure)
Confirm with . or Enter, or press ? or * to list all spells.
Aiming: Sandblast (safe; 1% risk of failure)
Press: ? - help, Shift-Dir - straight line, f - yak
Aim: a yak (91% to hit)
The blast of sand hits the yak!
The yak is moderately wounded.
* * * LOW HITPOINT WARNING * * *
The yak gores you!
You die...

#.# ###.## #####..#
#.#####...# ##....#..
#........## ##......#.
####......### ##.......##
#......<### #####
#........# .......##
#...###.....)).# .......#
##.)).#.......)## ........#
#.Y##..........#
....[....##
##@#####.......##
..........###.## #........#
..............# ##.......##
..............####...)...##
...........)...........#
.......................#
............g...........?
......$......c............
..........................


You could see a yak.

Vanquished Creatures
  A hornet (D:7)
  Menkaure (D:5)
  Duvessa (Temple)
  A water moccasin (D:7)
  An orc warrior (D:6)
  A black bear (D:4)
  A sky beast (D:6)
  3 ogres
  2 centaurs
  3 lemures (D:8)
  2 kobold brigands (D:7)
  2 phantoms (D:5)
  2 bullfrogs (D:7)
  A necrophage (D:7)
  3 scorpions
  2 gnoll sergeants
  7 wights
  Dowan (Temple)
  5 killer bees (D:5)
  3 jellies
  4 orc priests
  3 hounds
  Crazy Yiuf (D:2)
  2 iguanas
  A gnoll bouda (D:5)
  3 orc wizards (D:6)
  Natasha (D:3)
  Robin (D:2)
  19 gnolls
  6 adders
  A white imp (D:7)
  2 ufetubi
  2 worms
  2 dart slugs
  18 orcs
  2 bats
  6 endoplasms
  2 giant cockroaches
  14 goblins
  9 hobgoblins
  3 jackals (D:1)
  13 kobolds
  5 quokkas
  9 ball pythons
  4 frilled lizards
  8 rats
184 creatures vanquished.

Vanquished Creatures (others)
  160 foxfires
160 creatures vanquished.

Grand Total: 344 creatures vanquished

Notes
Turn   | Place    | Note
-------+----------+-------------------------------------------
     0 | D:1      | RascalDebosk the Djinni Earth Elementalist began the quest
                  | for the Orb.
     0 | D:1      | RascalDebosk set off with the following spells memorised:
                  | Sandblast, Passwall, Stone Arrow, Petrify.
     0 | D:1      | Reached XP level 1. HP: 15/15 MP: 0/0
   148 | D:1      | Reached XP level 2. HP: 19/22 MP: 0/0
   258 | D:1      | Reached skill level 1 in Fighting
   502 | D:1      | Reached XP level 3. HP: 24/27 MP: 0/0
   502 | D:1      | Learned a level 1 spell: Foxfire
   535 | D:1      | Reached skill level 3 in Spellcasting
   905 | D:2      | Reached XP level 4. HP: 28/32 MP: 0/0
  1322 | D:2      | Found a faded altar of an unknown god.
  1325 | D:2      | Noticed Robin
  1354 | D:2      | Killed Robin
  1845 | D:2      | Found a runed translucent door.
  1846 | D:2      | Noticed Crazy Yiuf
  1864 | D:2      | Killed Crazy Yiuf
  1865 | D:2      | Reached skill level 1 in Unarmed Combat
  1865 | D:2      | Reached XP level 5. HP: 36/38 MP: 0/0
  1865 | D:2      | Learned a level 2 spell: Scorch
  2172 | D:3      | Noticed Natasha
  2190 | D:3      | Killed Natasha
  2502 | D:3      | Found a stormy altar of Qazlal.
  2546 | D:3      | Found a glowing golden altar of the Shining One.
  2829 | D:4      | Found Otifisch's Weapon Boutique.
  3030 | D:4      | Reached skill level 4 in Spellcasting
  3030 | D:4      | Reached XP level 6. HP: 34/45 MP: 0/0
  4361 | D:4      | Noticed a black bear
  4364 | D:4      | Killed a black bear
  4365 | D:4      | Reached XP level 7. HP: 38/50 MP: 0/0
  4365 | D:4      | Learned a level 3 spell: Confusing Touch
  4547 | D:4      | Found a bloodstained altar of Trog.
  4893 | D:5      | Entered Level 5 of the Dungeon
  5001 | D:5      | Noticed Menkaure
  5003 | D:5      | Killed Menkaure
  5004 | D:5      | Reached skill level 5 in Spellcasting
  5118 | D:5      | Reached XP level 8. HP: 45/58 MP: 0/0
  5275 | D:5      | Found a staircase to the Ecumenical Temple.
  5285 | Temple   | Entered the Ecumenical Temple
  5285 | Temple   | Found a transporter.
  5285 | Temple   | Found a transporter.
  5294 | Temple   | Found a transporter.
  5294 | Temple   | Found a transporter.
  5307 | Temple   | Became a worshipper of Ashenzari the Shackled
  5333 | D:5      | Noticed Dowan
  5335 | D:5      | Noticed Duvessa
  5510 | Temple   | Killed Duvessa
  5513 | Temple   | Killed Dowan
  6175 | D:5      | Reached skill level 6 in Spellcasting
  6442 | D:5      | Reached skill level 5 in Fighting
  6442 | D:5      | Reached XP level 9. HP: 56/65 MP: 0/0
  6442 | D:5      | Learned a level 4 spell: Airstrike
  6601 | D:5      | Noticed Arctor's ghost (novice GrFi)
  6602 | D:5      | Found a transporter.
  6607 | D:5      | Found a transporter.
  7110 | D:6      | Reached skill level 5 in Unarmed Combat
  7369 | D:6      | Reached skill level 1 in Shields
  7567 | D:6      | Reached skill level 7 in Spellcasting
  7806 | D:6      | Found a blossoming altar of Fedhas.
  8339 | D:7      | Noticed a hornet
  8342 | D:7      | Killed a hornet
  8438 | D:7      | Reached XP level 10. HP: 23/73 MP: 0/0
  8928 | D:7      | Reached skill level 8 in Spellcasting
  9860 | D:8      | Mangled by a yak

Illustrated notes

Levels and vault maps discovered:
D:1:      shiori_arrival_oz, layout_loops_ring, kennysheep_minor_cross,
          corexii_leaking_fountain
D:2:      layout_basic, hellmonk_ecumenical_altar_lost_god,
          uniq_crazy_yiuf_cottage, uniq_robin
D:3:      layout_rooms, mainiacjoe_overflow_big_doors, uniq_natasha
D:4:      layout_basic, kennysheep_mini_moat, serial_shops, shop
D:5:      layout_loops_cross, minmay_temple_entry_arrows, gammafunk_ghost_hive,
          ebering_dispersal_statue_hall, uniq_duvessa, uniq_menkaure
D:6:      layout_cave_pools, mainiacjoe_overflow_tiny_flanked,
          portal_sewer_entry_d, minmay_stone_trees_small
D:7:      layout_gridville, minmay_fractal_squares_gapless_5
D:8:      layout_layer_cave, uniq_pikel
Temple:   hellmonk_temple_divided_pantheon

Skill      XL: |  1  2  3  4  5  6  7  8  9 10 |
---------------+-------------------------------+-----
Fighting       | 1 2 3 5 6 7 |  7.0
Spellcasting   | 3 4 5 6 7 8 |  8.2
Unarmed Combat | 1 2 3 4 5 |  5.0
Shields        | 3 4 |  4.1
Dodging        | |  2.1
Stealth        | |  1.5

Action                   |  1- 3 |  4- 6 |  7- 9 | 10-12 || total
-------------------------+-------+-------+-------+-------++-------
Melee: Dagger            |       |    19 |     1 |       ||    20
       Mace              |       |    18 |       |       ||    18
       Punch             |       |     1 |       |       ||     1
 Cast: Sandblast         |    36 |    21 |     7 |    14 ||    78
       Foxfire           |     4 |    45 |    33 |    10 ||    92
       Stone Arrow       |       |    22 |    62 |    27 ||   111
       Petrify           |       |     5 |     3 |     4 ||    12
       Scorch            |       |     1 |    12 |       ||    13
       Confusing Touch   |       |       |     2 |       ||     2
       Airstrike         |       |       |    22 |    13 ||    35
  Use: Scroll            |       |     6 |     1 |     2 ||     9
       Potion            |       |       |     2 |       ||     2
 Stab: Petrified         |       |    30 |       |       ||    30
       Petrifying        |       |     1 |       |       ||     1
Armor: Robe              |     1 |     6 |     9 |     4 ||    20
Dodge: Dodged            |     4 |    19 |    33 |    12 ||    68
Block: Other             |       |     4 |    19 |     6 ||    29
       Reflection        |       |       |       |     5 ||     5
